 Dungeon Crawl Stone Soup version 0.28-a0-794-gafe8c5f9e9 (webtiles) character file.

Game seed: 3174483051175299611

0 spiderkeys the Skirmisher (level 1, -19/14 HPs)
             Began as a Tengu Abyssal Knight on Nov 6, 2021.
             Was a Follower of Lugonu.
             Demolished by a tentacled starspawn (33 damage)
             ... on level 1 of the Abyss.
             The game lasted 00:00:38 (438 turns).

spiderkeys the Skirmisher (Tengu Abyssal Knight)     Turns: 438, Time: 00:00:39

Health: -19/14     AC:  3    Str: 13    XL:     1   Next: 0%
Magic:  3/3        EV: 11    Int: 10    God:    Lugonu [*.....]
Gold:   0          SH:  0    Dex: 14    Spells: 0/0 levels left

rFire   . . .      SeeInvis .   a - +1 spear
rCold   . . .      Faith    .   (no shield)
rNeg    . . .      Spirit   .   b - +0 leather armour
rPois   .          Reflect  .   (helmet restricted)
rElec   .          Harm     .   (no cloak)
rCorr   .          Rampage  .   (no gloves)
Will    .....                   (boots unavailable)
Stlth   +.........              (no amulet)
HPRegen 0.04/turn               (no ring)
MPRegen 0.08/turn               (no ring)

@: weak-willed
A: beak, talons 3
a: Renounce Religion, Depart the Abyss


You were on level 1 of the Abyss.
You worshipped Lugonu.
Lugonu was aware of your devotion.
You visited 0 branches of the dungeon, and saw 0 of its levels.
You visited the Abyss 1 time.


Innate Abilities, Weirdness & Mutations

You have a beak for a mouth.
You have claws for feet.


   Skills:
 + Level 3.0 Fighting
 + Level 2.1 Polearms
 + Level 2.1 Armour
 + Level 1.1 Dodging
 + Level 1.5 Invocations


You couldn't memorise any spells.
You didn't know any spells.
Your spell library was empty.

Inventory:

Hand Weapons
 a - a +1 spear (weapon)
Armour
 b - a +0 leather armour (worn)

Dungeon Overview and Level Annotations

Branches:
Dungeon (0/15)

Altars:

# # .# #. .#
#. #.
##.#.#.## ##
#.......##.#
####@#..##
#...#X....#
#..###.#..#
. ### ..##
.#.# ##
......# # ##
...# ...>≈
.≈≈≈≈X≈. # .
≈ ≈≈≈≈≈≈≈≈ ≈
. #.### .


You could see a tentacled starspawn (weak-willed).


Message History

🤖 Initializing magus.rc ... ✅ Successfully initialized magus.rc [v1.9.10] Welcome, spiderkeys the Tengu Abyssal Knight.
The heart of this dungeon contains the fabulous artefact, the Orb of Zot.
Lugonu says: Depart the Abyss and spread corruption, my servant! (use the ability menu to exit the Abyss) Press ? for a list of commands and other information.
Found two corrupted altars of Lugonu.
Found two portals.
There is a corrupted altar of Lugonu here.
Found a gateway leading out of the Abyss.
c - a scroll labelled POASYAL ATIADGH A small abomination comes into view.
There is a corrupted altar of Lugonu here.
There is a corrupted altar of Lugonu here.
You start waiting.
Done waiting.
You start waiting.
Done waiting.
You start waiting.
Done waiting.
You start waiting.
A tentacled starspawn comes into view.
Unknown command.
You start waiting.
A tentacled starspawn is nearby!
You start waiting.
A tentacled starspawn is nearby!
Tentacles burst from the starspawn's body! 2 starspawn tentacles come into view.
As you read the scroll labelled POASYAL ATIADGH, it crumbles to dust.
Magic quickly surges around you.
It was a scroll of vulnerability.
Unknown command.
The tentacled starspawn bites you!!
Ouch! That really hurt!
You die...

Action                   || total
-------------------------++-------
  Use: Scroll            ||     1

Levels and vault maps discovered:
Abyss:1:  base: Temple, base:
Temple

Notes
Turn   | Place    | Note
-------+----------+-------------------------------------------
     0 | Abyss:1  | spiderkeys the Tengu Abyssal Knight began the quest for the
                  | Orb.
     0 | Abyss:1  | Reached XP level 1. HP: 14/14 MP: 3/3
     0 | Abyss:1  | magus.rc [v1.9.10]
    35 | Abyss:1  | Noticed a small abomination
   394 | Abyss:1  | Found a corrupted altar of Lugonu.
   419 | Abyss:1  | Noticed a tentacled starspawn
   438 | Abyss:1  | Demolished by a tentacled starspawn

Vanquished Creatures (others)
  2 starspawn tentacles (Abyss:1)
2 creatures vanquished.

Table legend:
 A = Non-vault XP
 B = Vault XP
 C = Vault XP percentage of total XP
 D = Non-vault monster count
 E = Vault monster count
 F = Vault count percentage of total count
                 A         B        C        D         E       F
            +---------+---------+-------+---------+---------+-------
      Total |       0 |       0 |   N/A |       0 |       0 |  -nan
            +---------+---------+-------+---------+---------+-------
            +---------+---------+-------+---------+---------+-------

Illustrated notes

Table legend: (Time is in decaauts)
 A = Elapsed time spent in this place.
 B = Non-inter-level travel time spent in this place.
 C = Inter-level travel time spent in this place.
 D = Time resting spent in this place.
 E = Time spent auto-exploring this place.
 F = Levels seen in this place.
 G = Mean time per level.
                   A        B        C        D        E       F      G
               +--------+--------+--------+--------+--------+-----+--------+
         Total |    438 |    438 |      0 |    332 |     28 |   1 |  438.0 |
         Abyss |    438 |    438 |      0 |    332 |     28 |   1 |  438.0 |
               +--------+--------+--------+--------+--------+-----+--------+

Top non-repeatable levels by time:
 Abyss:1: 438 daAuts
